 Dungeon Crawl Stone Soup version 0.25-a0-803-g58bd18402a (webtiles) character file.

Game seed: 7340954666104193683, levelgen mode: deterministic

81 Grimalkyne the Firebug (level 4, -1/24 HPs)
             Began as a Gargoyle Fire Elementalist on Apr 19, 2020.
             Slain by an orc
             ... wielding a +0 hand axe
              (3 damage)
             ... on level 3 of the Dungeon.
             The game lasted 00:05:30 (2321 turns).

Grimalkyne the Firebug (Gargoyle Fire Elementalist) Turns: 2321, Time: 00:05:32

Health: -1/24      AC:  5    Str: 11    XL:     4   Next: 42%
Magic:  0/7        EV: 11    Int: 17    God:
Gold:   87         SH:  4    Dex: 10    Spells: 3/7 levels left

rFire    . . .     SeeInvis .   a - +0 short sword
rCold    . . .     Gourm    .   j - +0 buckler
rNeg     + . .     Faith    .   f - +0 robe
rPois    ∞         Spirit   .   (no helmet)
rElec    +         Reflect  .   (no cloak)
rCorr    .         Harm     .   (no gloves)
MR       .....                  (no boots)
Stlth    ++........             (no amulet)
HPRegen  0.08/turn              (no ring)
MPRegen  0.10/turn              (no ring)

@: no status effects
A: negative energy resistance 1, electricity resistance, unbreathing,
petrification resistance, rot immunity, AC +3
a: no special abilities


You were on level 3 of the Dungeon.
You were not hungry.

You visited 1 branch of the dungeon, and saw 3 of its levels.

You collected 87 gold pieces.

Inventory:

Hand Weapons
 a - a +0 short sword (weapon)
 b - a +0 hunting sling
Missiles
 m - 20 poisoned darts (quivered)
 s - 79 stones
 v - 3 atropa-tipped darts
Armour
 f - a +0 robe (worn)
 j - a +0 buckler (worn)
Jewellery
 h - a +6 ring of evasion {unknown}
 p - an uncursed ring of ice {unknown}
 u - an uncursed amulet of the gourmand {unknown}
Scrolls
 d - 2 scrolls of immolation {unknown}
 e - a scroll of remove curse {unknown}
 i - a scroll of identify {unknown}
 n - a scroll of amnesia {unknown}
 q - a scroll of enchant weapon {unknown}
 r - a scroll of magic mapping {unknown}
 t - a scroll of blinking {unknown}
Potions
 g - a potion of haste {unknown}
 l - 2 potions of heal wounds {unknown}
 o - a potion of stabbing {unknown}
Comestibles
 c - 10 rations
 k - 2 chunks of flesh


   Skills:
 - Level 1.5 Dodging
 - Level 2.1 Stealth
 + Level 2.2 Shields
 - Level 2.0 Spellcasting
 + Level 2.7 Conjurations
 + Level 3.8 Fire Magic


You had 3 spell levels left.
You knew the following spells:

 Your Spells              Type           Power        Failure   Level  Hunger
a - Foxfire               Conj/Fire      ##..         6%          1    #......
b - Conjure Flame         Conj/Fire      ##......     19%         3    ###....

Your spell library contained the following spells:

 Spells                   Type           Power        Failure   Level  Hunger
 Inner Flame              Hex/Fire       #.......     32%         3    ###....
 Sticky Flame             Conj/Fire      ##......     52%         4    #####..
 Fireball                 Conj/Fire      ##........   86%         5    ######.


Dungeon Overview and Level Annotations

Branches:
Dungeon (3/15)

Altars:


Innate Abilities, Weirdness & Mutations

You are resistant to torment.
Your stone body is resilient. (AC +3)
You are immune to poison.
You resist negative energy. (rN+)
You are resistant to electric shocks. (rElec)
You can survive without breathing.
You are immune to petrification.
You are immune to rotting.


Message History

The orc priest is moderately wounded.
The foxfire hits the orc.
The orc is almost dead.
You block the orc's attack.
The orc priest mumbles some strange prayers to Beogh against you.
Pain shoots through your body!
* * * LOW HITPOINT WARNING * * *
The orc barely misses you.
Casting: Foxfire (safe; 6% risk of failure)
Confirm with . or Enter, or press ? or * to list all spells.
You conjure some foxfire!
The orc misses you. You block the orc priest's attack.
The orc priest hits your foxfire with a +0 war axe.
You hit the orc priest.
The orc priest is heavily wounded.
The foxfire hits the orc but does no damage.
The foxfire hits the orc priest.
The orc priest is severely wounded.
The orc hits you with a +0 hand axe.
You die...

†..# ...#
#######)..#
#.........#
#.........#
#.........#
#..ooo..#######
#...@(........#
######........#
######........#
#....#........#
###....#........#
................#
##..(.)#########
###...# #####.#
..#...# #.#


You could see an orc priest and 2 orcs.

Vanquished Creatures
  3 adders
  An ooze (D:2)
  An adder skeleton (D:2)
  2 dart slugs (D:1)
  A leopard gecko (D:3)
  2 orcs (D:3)
  A ball python (D:2)
  2 giant cockroaches (D:1)
  10 goblins
  A hobgoblin (D:2)
  5 kobolds
  2 bats
  6 frilled lizards
  4 rats
41 creatures vanquished.

Vanquished Creatures (others)
  80 foxfires
80 creatures vanquished.

Grand Total: 121 creatures vanquished

Notes
Turn   | Place    | Note
-------+----------+-------------------------------------------
     0 | D:1      | Grimalkyne the Gargoyle Fire Elementalist began the quest
                  | for the Orb.
     0 | D:1      | Reached XP level 1. HP: 10/10 MP: 3/3
   301 | D:1      | Reached XP level 2. HP: 13/15 MP: 5/5
   725 | D:1      | Reached skill level 1 in Shields
  1073 | D:2      | Reached XP level 3. HP: 2/19 MP: 1/6
  1332 | D:1      | Learned a level 3 spell: Conjure Flame
  1713 | D:2      | Reached XP level 4. HP: 24/24 MP: 3/7
  2321 | D:3      | Slain by an orc

Levels and vault maps discovered:
D:1:      mushboom_english_gardens, layout_basic, minivault_27
D:2:      layout_basic, minmay_pentomino_t2
D:3:      layout_basic, first_ration

Skill      XL: |  1  2  3 |
---------------+----------+-----
Shields        | 1 2 |  2.2
Conjurations   | 2 |  2.7
Dodging        | |  1.5
Stealth        | |  2.1
Spellcasting   | |  2.0
Fire Magic     | |  3.8

Action                   |  1- 3 |  4- 6 || total
-------------------------+-------+-------++-------
Melee: Short sword       |    39 |    24 ||    63
Throw: Dart              |     1 |     1 ||     2
 Cast: Foxfire           |    30 |    18 ||    48
 Stab: Sleeping          |       |     1 ||     1
  Eat: Chunk             |     3 |     2 ||     5
Armor: Robe              |    16 |    11 ||    27
Dodge: Dodged            |    16 |    16 ||    32
Block: Buckler           |    13 |     7 ||    20

Table legend:
 A = Non-vault XP
 B = Vault XP
 C = Vault XP percentage of total XP
 D = Non-vault monster count
 E = Vault monster count
 F = Vault count percentage of total count
                 A         B        C        D         E       F
            +---------+---------+-------+---------+---------+-------
      Total |     114 |       3 |   2.6 |      39 |       2 |   4.9
            +---------+---------+-------+---------+---------+-------
        D:1 |      22 |       0 |   0.0 |      10 |       0 |   0.0
        D:2 |      63 |       3 |   4.5 |      20 |       2 |   9.1
        D:3 |      29 |       0 |   0.0 |       9 |       0 |   0.0
            +---------+---------+-------+---------+---------+-------
